 Dungeon Crawl Stone Soup version 0.27-b1-16-g6517624069 (webtiles) character file.

Game seed: 12010213933413200242

1255 Spaninq the Grappler (level 8, -9/72 HPs)
             Began as a Troll Chaos Knight on July 26, 2021.
             Was a Plaything of Xom.
             Killed by vampiric draining
             ... invoked by a vampire
              (16 damage)
             ... on level 4 of the Dungeon.
             The game lasted 00:22:23 (3923 turns).

Spaninq the Grappler (Troll Chaos Knight)           Turns: 3923, Time: 00:22:24

Health: -9/72      AC:  6    Str: 20    XL:     8   Next: 26%
Magic:  7/7        EV: 10    Int:  4    God:    Xom [.*....]
Gold:   186        SH:  0    Dex: 10    Spells: 7/7 levels left

rFire    . . .     SeeInvis .     - Unarmed
rCold    + . .     Faith    .   (no shield)
rNeg     . . .     Spirit   .   a - +2 robe
rPois    .         Reflect  .   (helmet restricted)
rElec    .         Harm     .   (no cloak)
rCorr    .         Rampage  .   (gloves unavailable)
Will     .....                  (boots unavailable)
Stlth    +.........             (no amulet)
HPRegen  1.22/turn              f - ring of protection from cold
MPRegen  0.10/turn              (no ring)

@: no status effects
A: large, unfitting armour, claws 3, regeneration 1, shaggy fur 1, tough skin 1,
dopey 2, frail 1, weak 1
a: Renounce Religion


You were on level 4 of the Dungeon.
You worshipped Xom.
You were a plaything of Xom.
You visited 1 branch of the dungeon, and saw 5 of its levels.

You collected 186 gold pieces.

Inventory:

Armour
 a - a +2 robe (worn)
 o - a +0 troll leather armour {Purgy}
Jewellery
 f - a ring of protection from cold (left claw)
 p - a ring of flight
Wands
 i - a wand of flame (15)
 j - a wand of acid (8)
Scrolls
 e - a scroll of teleportation
 m - a scroll of blinking
Potions
 c - a potion of flight {unknown}
 d - a potion of degeneration {unknown}
 g - a potion of lignification
 h - a potion of ambrosia {unknown}
 l - a potion of magic {unknown}


   Skills:
 + Level 5.3 Fighting
 - Level 2.3 Dodging
 * Level 8.6 Unarmed Combat


You had 7 spell levels left.
You didn't know any spells.
Your spell library contained the following spells:

 Spells                   Type           Power      Damage    Failure   Level
 Magic Dart               Conj           0%         1d3       50%         1
 Call Imp                 Summ           0%         N/A       65%         2
 Call Canine Familiar     Summ           0%         N/A       86%         3
 Mephitic Cloud           Conj/Pois/Air  0%         N/A       86%         3
 Portal Projectile        Hex/Tloc       0%         N/A       86%         3
 Leda's Liquefaction      Hex/Erth       0%         N/A       99%         4


Dungeon Overview and Level Annotations

Branches:
Dungeon (5/15)
 Temple: D:4-7

Altars:
Fedhas
Gozag
Qazlal
The Shining One

Shops:
D:3 !


Innate Abilities, Weirdness & Mutations

You are too large for most types of armour.
You have claws for hands.
Your natural rate of healing is unusually fast.
You are covered in fur. (AC +1)
You have tough skin. (AC +1)
You are very dopey. (Int -4)
You are frail. (-10% HP)
You are weak. (Str -2)


Message History

You barely miss the vampire.
The vampire is heavily damaged.
The vampire closely misses you. The vampire barely misses you.
You closely miss the vampire.
The vampire is heavily damaged.
The vampire hits you. The vampire bites you!
The vampire draws strength from your injuries!
You claw the vampire!
The vampire is severely damaged.
You scratch the vampire but do no damage.
You claw the vampire, but do no damage.
The vampire is severely damaged.
The vampire hits you.
* * * LOW HITPOINT WARNING * * *
The vampire bites you!
* * * LOW HITPOINT WARNING * * *
The vampire draws strength from your injuries!
You feel much better. The vampire hits you. The vampire barely misses you.
You barely miss the vampire.
The vampire is moderately damaged.
The vampire hits you!
* * * LOW HITPOINT WARNING * * *
The vampire bites you.
* * * LOW HITPOINT WARNING * * *
The vampire draws strength from your injuries!
You feel better. The vampire hits you!
* * * LOW HITPOINT WARNING * * *
The vampire closely misses you.
You scratch the vampire.
The vampire is moderately damaged.
The vampire gestures wildly while chanting.
The vampire flickers and vanishes!
Deactivating autopickup; reactivate with Ctrl-A.
You closely miss something. Something hits you.
* * * LOW HITPOINT WARNING * * *
Something bites you.
* * * LOW HITPOINT WARNING * * *
Something draws strength from your injuries!
You claw something! Something draws life force from you!
You die...

#####.....# ###...##
##.#.......####...#§##
##....####...#...###§.##
#...#......)...### #§..##
#...##)...####.# ##..>##
#..####.### #.#####.....#
##.# #(## #..##(.##...#
#.# ##.{### ##....##.....
#.# #.#.@.###.)..###.....
#.###.###[.#.###.#....#..
#..#.## ##..####.....##..
#....#####...##......##..
#................#..###..
#.......##.#...####..#...
####.#####.##.#####...#..
#.## ##.##..#.....###.
####..###.<.#........###.


There were no monsters in sight!

Vanquished Creatures
  A harpy (shapeshifter) (D:4)
  A golden eye (shapeshifter) (D:4)
  Purgy (D:4)
  A bullfrog (D:4)
  A crimson imp (D:3)
  2 orc priests (D:4)
  An orc wizard (D:4)
  Natasha (thrice) (D:2)
  5 gnolls
  A howler monkey skeleton (D:4)
  2 adders
  A worm (D:2)
  4 dart slugs
  8 orcs
  7 ball pythons
  7 bats
  7 endoplasms
  5 giant cockroaches
  10 goblins
  5 hobgoblins (D:4)
  10 jackals
  7 kobolds
  2 quokkas
  5 frilled lizards (D:2)
  2 goblin skeletons (D:3)
  A goblin zombie (D:3)
  2 hobgoblin zombies (D:3)
  A kobold skeleton (D:3)
  2 kobold zombies (D:3)
  An orc skeleton (D:3)
  An orc zombie (D:3)
  3 rats
110 creatures vanquished.

Vanquished Creatures (collateral kills)
  An ogre (D:4)
  A water moccasin skeleton (D:4)
  Robin (D:4)
  An adder (D:3)
  3 gnolls (D:3)
  A worm (D:3)
  A giant cockroach (D:4)
  A goblin (D:3)
  A quokka (D:3)
  A ball python (D:3)
12 creatures vanquished.

Grand Total: 122 creatures vanquished

Notes
Turn   | Place    | Note
-------+----------+-------------------------------------------
     0 | D:1      | Spaninq the Troll Chaos Knight began the quest for the Orb.
     0 | D:1      | Reached XP level 1. HP: 22/22 MP: 0/0
     8 | D:1      | Noticed a redback
     8 | D:1      | Noticed a polar bear
     8 | D:1      | Noticed a wyvern
   124 | D:1      | Reached XP level 2. HP: 23/29 MP: 1/1
   213 | D:1      | Found a faded altar of an unknown god.
   386 | D:1      | XOM: silly message
   582 | D:1      | Reached XP level 3. HP: 36/36 MP: 2/2
  1266 | D:2      | XOM: 4-stop teleportation journey
  1388 | D:2      | Reached skill level 4 in Unarmed Combat
  1421 | D:2      | Noticed Natasha
  1439 | D:2      | XOM: enchant monster (good)
  1483 | D:2      | Killed Natasha
  1484 | D:2      | Reached XP level 4. HP: 40/45 MP: 3/3
  1611 | D:2      | XOM: 2-stop teleportation journey
  1662 | D:2      | Noticed Natasha
  1670 | D:2      | Killed Natasha
  2065 | D:2      | XOM: 3-stop teleportation journey
  2437 | D:2      | XOM is BORED!
  2437 | D:2      | XOM: summons 1 hostile shadow creature
  2561 | D:2      | Noticed Natasha
  2562 | D:2      | XOM: enchant monster (bad)
  2567 | D:2      | Killed Natasha
  2568 | D:2      | Reached XP level 5. HP: 52/53 MP: 4/4
  2644 | D:3      | XOM: smoke on damage
  2693 | D:3      | Found a glowing golden altar of the Shining One.
  2693 | D:3      | XOM: 1-stop teleportation journey
  2716 | D:3      | XOM: potion effect (brilliance)
  2719 | D:3      | Reached skill level 5 in Unarmed Combat
  2734 | D:3      | XOM: god gift: tapered lead wand {god gift}
  2985 | D:3      | Found Dagor's Distillery.
  3047 | D:3      | XOM: god gift: scroll labelled VERUTS QUSAT {god gift}
  3080 | D:4      | XOM: noise
  3150 | D:4      | Noticed Robin
  3153 | D:4      | Reached XP level 6. HP: 60/62 MP: 5/5
  3173 | D:4      | Killed Robin
  3226 | D:4      | XOM: god gift: scroll labelled SAKIVEENUMN {god gift}
  3234 | D:4      | Reached skill level 6 in Unarmed Combat
  3238 | D:4      | XOM: potion effect (brilliance)
  3285 | D:4      | Reached XP level 7. HP: 57/70 MP: 6/6
  3316 | D:4      | Noticed Purgy
  3331 | D:4      | Killed Purgy
  3345 | D:4      | Found a stormy altar of Qazlal.
  3360 | D:4      | Found a blossoming altar of Fedhas.
  3364 | D:4      | Found an opulent altar of Gozag.
  3559 | D:4      | XOM: give mutations
  3559 | D:4      | Gained mutation: You are weak. (Str -2) [Xom's mischief]
  3559 | D:4      | Gained mutation: You are dopey. (Int -2) [Xom's mischief]
  3559 | D:4      | Gained mutation: You are very dopey. (Int -4) [Xom's
                  | mischief]
  3570 | D:4      | XOM: cloud trail
  3684 | D:4      | XOM: cloud trail
  3715 | D:4      | Noticed a shapeshifter
  3715 | D:4      | a gnoll shaman changed into a shapeshifter
  3716 | D:4      | Noticed a human
  3716 | D:4      | a shapeshifter changed into a human
  3716 | D:4      | Noticed a glowing shapeshifter
  3716 | D:4      | a gnoll changed into a glowing shapeshifter
  3718 | D:4      | a glowing shapeshifter changed into a floating eye
  3719 | D:4      | Noticed an eye of devastation
  3719 | D:4      | a floating eye changed into an eye of devastation
  3723 | D:4      | Noticed a swamp dragon
  3723 | D:4      | an eye of devastation changed into a swamp dragon
  3727 | D:4      | XOM: divination: magic mapping
  3728 | D:4      | Noticed a yaktaur
  3730 | D:4      | Noticed a harpy
  3730 | D:4      | a yaktaur changed into a harpy
  3731 | D:4      | a human changed into an ice beast
  3733 | D:4      | Killed a harpy
  3733 | D:4      | Noticed a golden eye
  3733 | D:4      | an ice beast changed into a golden eye
  3734 | D:4      | Reached skill level 5 in Fighting
  3734 | D:4      | Reached skill level 8 in Unarmed Combat
  3734 | D:4      | Reached XP level 8. HP: 29/80 MP: 7/7
  3737 | D:4      | XOM: swap monsters
  3888 | D:4      | XOM: give mutation
  3888 | D:4      | Gained mutation: You are frail. (-10% HP) [Xom's mischief]
  3897 | D:5      | Entered Level 5 of the Dungeon
  3900 | D:5      | XOM: blink monster(s)
  3923 | D:4      | Killed from afar by a vampire

Illustrated notes

Levels and vault maps discovered:
D:1:      onia_arrival_zoo_common, layout_basic,
          hellmonk_ecumenical_altar_dog_temple
D:2:      layout_basic, uniq_natasha
D:3:      layout_rooms, nicolae_tso_besieged_by_evil, serial_shops,
          nicolae_shop_behind_doors
D:4:      layout_layer_cave, grunt_temple_overflow_open,
          minmay_misc_feat_more_columns, uniq_purgy, uniq_robin
D:5:      cheibrodos_fzero, layout_basic, kennysheep_mini_moat,
          gammafunk_ghost_arena, uniq_prince_ribbit1, uniq_duvessa

Skill      XL: |  1  2  3  4  5  6  7 |
---------------+----------------------+-----
Dodging        | 2 |  2.3
Fighting       | 3 4 5 |  5.3
Unarmed Combat | 4 5 6 8 |  8.6

Action                   |  1- 3 |  4- 6 |  7- 9 || total
-------------------------+-------+-------+-------++-------
Melee: Unarmed           |   111 |   158 |    59 ||   328
       Punch             |     3 |     4 |     4 ||    11
  Use: Scroll            |       |     7 |       ||     7
       Potion            |       |       |     6 ||     6
 Stab: Sleeping          |     2 |     1 |       ||     3
Armor: Robe              |    54 |    52 |    22 ||   128
       Skin              |       |       |    14 ||    14
Dodge: Dodged            |    60 |    65 |    40 ||   165
